 Dungeon Crawl Stone Soup version 0.29-a0-541-gaf1fc19f1b (webtiles) character file.

Game seed: 8900340805283989932

2326 Bruhh the Fighter (level 9, 0/77 HPs)
             Began as a Barachi Summoner on June 2, 2022.
             Was an Initiate of Gozag.
             Succumbed to a hornet's poison
             ... on level 8 of the Dungeon.
             The game lasted 00:13:07 (9758 turns).

Bruhh the Fighter (Barachi Summoner)                Turns: 9758, Time: 00:13:08

Health: 0/77       AC:  2    Str: 10    XL:     9   Next: 42%
Magic:  12/21      EV: 12    Int: 19    God:    Gozag
Gold:   597        SH:  0    Dex: 13    Spells: 14/24 levels left

rFire   x . .      SeeInvis .   p - +8 whip "Murmur" {chaos, rC+ rCorr Stlth+}
rCold   + + .      Faith    .   (no shield)
rNeg    . . .      Spirit   .   a - +0 robe
rPois   .          Reflect  .   (no helmet)
rElec   .          Harm     .   (no cloak)
rCorr   +          Rampage  .   (no gloves)
Will    .....                   (no boots)
Stlth   +++.......              (no amulet)
HPRegen 0.22/turn               l - ring of ice
MPRegen 0.17/turn               (no ring)

@: lethally poisoned (0 -> -10), gold aura, very slightly contaminated, slowed,
very slow
A: amphibious, slowness 1, strong legs 1, +LOS
a: Hop, Renounce Religion, Potion Petition, Call Merchant, Bribe Branch


You were on level 8 of the Dungeon.
You worshipped Gozag.
Gozag was pleased with you.
You visited 2 branches of the dungeon, and saw 9 of its levels.

You collected 653 gold pieces.
You paid 56 gold pieces to Gozag.

Inventory:

Hand Weapons
 e - a +0 short sword
 i - a +0 spear
 p - the +8 whip "Murmur" (weapon) {chaos, rC+ rCorr Stlth+}
   (You found it on level 2 of the Dungeon)

   Each time it hits an enemy it has a different, random effect.
   rC:        It protects you from cold.
   rCorr:     It protects you from acid and corrosion.
   Stlth:     It makes you more stealthy.
 x - a +0 scythe of freezing
Armour
 a - a +0 robe (worn)
Jewellery
 l - a ring of ice (left hand)
Wands
 D - a wand of digging (5)
Scrolls
 c - a scroll of silence {unknown}
 f - a scroll of torment
 g - 2 scrolls of noise
 h - 4 scrolls of immolation
 k - 3 scrolls of enchant armour
 m - 2 scrolls of vulnerability {unknown}
 q - 2 scrolls of fear {unknown}
 r - 3 scrolls of teleportation
 s - 2 scrolls of enchant weapon {unknown}
 v - 2 scrolls of blinking {unknown}
 y - a scroll of poison {unknown}
 z - 2 scrolls of fog {unknown}
 A - 6 scrolls of identify
Potions
 b - a potion of magic
 d - a potion of ambrosia {unknown}
 j - a potion of mutation {unknown}
 n - 3 potions of might {unknown}
 o - a potion of haste {unknown}
 t - a potion of lignification {unknown}
 u - 4 potions of heal wounds {unknown}
 w - 2 potions of degeneration {unknown}
 B - a potion of invisibility {unknown}
 C - a potion of brilliance {unknown}


   Skills:
 + Level 9.6 Fighting
 - Level 2.1 Dodging
 - Level 1.7 Stealth
 - Level 8.0 Spellcasting
 - Level 8.0 Summonings


You had 14 spell levels left.
You knew the following spells:

 Your Spells              Type           Power      Damage    Failure   Level
a - Summon Small Mammal   Summ           100%       N/A       1%          1
b - Call Imp              Summ           38%        N/A       1%          2
c - Call Canine Familiar  Summ           38%        N/A       1%          3
d - Summon Lightning Spi  Summ/Air       22%        N/A       17%         4

Your spell library contained the following spells:

 Spells                   Type           Power      Damage    Failure   Level
 Summon Guardian Golem    Hex/Summ       22%        N/A       5%          3
 Beastly Appendage        Tmut           14%        N/A       9%          1
 Wereblood                Tmut           7%         N/A       14%         2
 Portal Projectile        Hex/Tloc       14%        N/A       26%         3
 Spider Form              Tmut/Pois      7%         N/A       26%         3
 Tukima's Dance           Hex            7%         N/A       26%         3
 Blade Hands              Tmut           3%         N/A       94%         5
 Orb of Destruction       Conj           3%         9d5       100%        7
 Spellforged Servitor     Conj/Summ      11%        N/A       100%        7


Dungeon Overview and Level Annotations

Branches:
Dungeon (8/15)             Temple (1/1) D:4
   Lair: D:8-11

Altars:
Ashenzari
Cheibriados
Elyvilon
Gozag
Hepliaklqana
Kikubaaqudgha
Makhleb
Nemelex Xobeh
Okawaru
Ru
Sif Muna
Trog
Uskayaw
Wu Jian
Xom
Yredelemnul
Zin
The Shining One

Shops:
D:6 (   D:7 [

Annotations:
D:4 Dowan, Duvessa


Innate Abilities, Weirdness & Mutations

You are amphibious.
You cover ground slowly.
You can hop short distances.
You have an extended range of vision and can be seen from far away.


Message History

You barely miss the hornet.
The hornet is moderately wounded.
You feel extremely sick. The hornet stings you!
* * * LOW HITPOINT WARNING * * *
You feel as though you will be slow longer.
The hornet closely misses you. x2
You are too injured to fight recklessly!
You are too injured to fight recklessly!
You feel very sick. The hornet stings your lightning spire!
Your lightning spire shoots out a bolt of lightning at the hornet!
The bolt of electricity hits the hornet!
The hornet stings your lightning spire but does no damage.
The hornet completely misses your lightning spire.
Unknown command.
Okay, then.
You feel sick.
The hornet stings your lightning spire but does no damage.
Your lightning spire shoots out a bolt of lightning at the hornet!
The bolt of electricity hits the hornet!
The hornet stings your lightning spire but does no damage.
You feel sick. The hornet stings your lightning spire!
Your lightning spire is destroyed!
Your lightning spire disappears in a puff of smoke!
You are too injured to fight recklessly!
You are too injured to fight recklessly!
You are too injured to fight recklessly!
You hit the hornet.
The hornet is almost dead.
You feel sick. The hornet closely misses you. The hornet stings you!
* * * LOW HITPOINT WARNING * * *
You are lethally poisoned!
You feel as though you will be slow longer.
The hornet completely misses you.
Okay, then.
You hit the hornet.
You kill the hornet!
You die...
Your body crumbles into a pile of gold.

$ ..# $..$
..# ..# ..# #
####..##.#
#.......)
##.##..######
#@$....$.....
#..##########
#..# #..#
#..# #..#
#..#
########..#
..........#


There were no monsters in sight!

Vanquished Creatures
  A cyclops (D:7)
  Maggie (D:7)
  A hornet (D:8)
  A water moccasin (D:7)
  2 ice beasts
  2 bullfrogs
  A necrophage (D:6)
  3 hounds
  A jelly (D:4)
  3 orc priests
  2 ufetubi
  2 dart slugs
  7 orcs
  3 endoplasms
  6 giant cockroaches
  A goblin (D:4)
  3 hobgoblins
  6 kobolds
  2 quokkas
  3 ball pythons
  4 bats
  A frilled lizard (D:3)
  5 rats
61 creatures vanquished.

Vanquished Creatures (collateral kills)
  Sigmund (D:4)
  Eustachio (D:3)
  A water moccasin (D:7)
  An ice beast (D:5)
  A scorpion (D:4)
  A hound (D:3)
  A jelly (D:6)
  3 orc priests
  An iguana (D:5)
  2 orc wizards
  Robin (D:3)
  3 adders
  A shadow imp (D:5)
  A dart slug (D:1)
  15 orcs
  3 ball pythons (D:4)
  5 endoplasms
  2 giant cockroaches
  8 goblins
  8 hobgoblins
  3 quokkas
  2 bats
  4 kobolds
  A rat (D:3)
70 creatures vanquished.

Vanquished Creatures (others)
  A kobold zombie (D:3)
1 creature vanquished.

Grand Total: 132 creatures vanquished

Notes
Turn   | Place    | Note
-------+----------+-------------------------------------------
     0 | D:1      | Bruhh the Barachi Summoner began the quest for the Orb.
     0 | D:1      | Reached XP level 1. HP: 13/13 MP: 3/3
   236 | D:1      | Reached skill level 5 in Summonings
   306 | D:1      | Reached XP level 2. HP: 19/19 MP: 1/5
  1185 | D:1      | Reached XP level 3. HP: 24/24 MP: 5/7
  1703 | D:2      | Learned a level 2 spell: Call Imp
  2139 | D:2      | Identified the +8 whip "Murmur" {chaos, rC+ rCorr Stlth+}
  2150 | D:2      | Found a hide-covered altar of Uskayaw.
  2589 | D:3      | Reached XP level 4. HP: 25/30 MP: 6/10
  2877 | D:3      | Learned a level 3 spell: Call Canine Familiar
  2926 | D:3      | Noticed Robin
  2962 | D:3      | Killed Robin
  2967 | D:3      | Reached XP level 5. HP: 34/35 MP: 4/11
  3427 | D:4      | Noticed Sigmund
  3440 | D:4      | Killed Sigmund
  3441 | D:4      | Reached skill level 5 in Spellcasting
  3441 | D:4      | Reached XP level 6. HP: 41/41 MP: 2/13
  3598 | D:4      | Found an ancient bone altar of Kikubaaqudgha.
  4257 | D:4      | Noticed Eustachio
  4670 | D:4      | Reached XP level 7. HP: 29/47 MP: 9/14
  5015 | D:3      | Reached skill level 1 in Fighting
  5122 | D:3      | Killed Eustachio
  5123 | D:3      | Reached skill level 2 in Fighting
  5424 | D:4      | Found a staircase to the Ecumenical Temple.
  5607 | Temple   | Entered the Ecumenical Temple
  5916 | Temple   | Became a worshipper of Gozag Ym Sagoz the Greedy
  5986 | D:4      | Found a broken altar of Ashenzari.
  5999 | D:4      | Noticed Duvessa
  5999 | D:4      | Noticed Dowan
  6018 | D:5      | Entered Level 5 of the Dungeon
  6024 | D:5      | Learned a level 4 spell: Summon Lightning Spire
  6118 | D:5      | Reached skill level 3 in Fighting
  6440 | D:5      | Reached skill level 4 in Fighting
  6674 | D:5      | Reached XP level 8. HP: 32/60 MP: 10/17
  6836 | D:5      | Found a hazy altar of Hepliaklqana.
  7427 | D:6      | Found a bloodstained altar of Trog.
  7569 | D:6      | Reached skill level 5 in Fighting
  7640 | D:6      | Found Bushu's Antique Weapon Emporium.
  8465 | D:7      | Noticed a cyclops
  8482 | D:7      | Killed a cyclops
  8483 | D:7      | Reached skill level 7 in Fighting
  8712 | D:7      | Found Mivak's Antique Armour Boutique.
  8744 | D:7      | Reached XP level 9. HP: 65/72 MP: 15/21
  8952 | D:7      | Noticed Maggie
  8977 | D:7      | Killed Maggie
  8978 | D:7      | Reached skill level 8 in Fighting
  8996 | D:7      | Reached skill level 9 in Fighting
  9745 | D:8      | Noticed a hornet
  9750 | D:8      | Paralysed by a hornet for 2 turns
  9758 | D:8      | Killed a hornet
  9758 | D:8      | Succumbed to a hornet's poison

Illustrated notes

Levels and vault maps discovered:
D:1:      lightli_arrival_quake, layout_loops_corners, serial_park_tiny_1,
          chequers_hall_statues_corner_a, minmay_heptomino_w4
D:2:      layout_basic, basic_altar
D:3:      layout_loops_ring, uniq_robin
D:4:      layout_rooms, nicolae_kikubaaqudgha_miasma_corner,
          nicolae_ashenzari_skybound, minmay_temple_entry_mist,
          minmay_splitting_lines, nrook_mini_vaults, nicolae_underground_beach,
          uniq_sigmund, uniq_eustachio, uniq_duvessa
D:5:      layout_gridville, mainiacjoe_overflow_tiny_flanked,
          serial_co_window_serial, co_window_of_opportunity_a,
          co_window_paths_a, co_window_corner_a, co_window_paths_b,
          co_window_corner_a, co_window_corner_cb, co_window_2corner,
          co_window_of_opportunity_b, co_window_broadway_b, co_window_sun,
          glass_columns_c, glass_columns_b, glass_columns_b, glass_columns_a
D:6:      layout_basic, lemuel_crystal_altar, serial_shops, nicolae_square_shop
D:7:      layout_basic, serial_shops, nicolae_shop_crystal, uniq_maggie
D:8:      layout_loops_ring, uniq_prince_ribbit1
Temple:   minmay_temple_curvy_branch

Skill      XL: |  1  2  3  4  5  6  7  8  9 |
---------------+----------------------------+-----
Summonings     | 5 7 8 |  8.0
Spellcasting   | 3 4 5 6 8 |  8.0
Fighting       | 4 7 9 |  9.6
Dodging        | |  2.1
Stealth        | |  1.7

Action                   |  1- 3 |  4- 6 |  7- 9 || total
-------------------------+-------+-------+-------++-------
Melee: Short sword       |    19 |       |       ||    19
       Spear             |    48 |       |       ||    48
       Punch             |     3 |       |     1 ||     4
       Whip              |     7 |    24 |    67 ||    98
       Scythe            |       |    26 |    17 ||    43
 Cast: Summon Small Mamm |    39 |    18 |    24 ||    81
       Call Imp          |     3 |     5 |     9 ||    17
       Call Canine Famil |       |    11 |    13 ||    24
       Summon Lightning  |       |       |     8 ||     8
  Use: Scroll            |       |     5 |       ||     5
       Potion            |       |     2 |       ||     2
 Stab: Sleeping          |     5 |     3 |     1 ||     9
       Distracted        |       |     3 |     2 ||     5
Armor: Robe              |    15 |     9 |    10 ||    34
Dodge: Dodged            |    69 |    43 |    67 ||   179

Table legend: (Time is in decaauts)
 A = Elapsed time spent in this place.
 B = Non-inter-level travel time spent in this place.
 C = Inter-level travel time spent in this place.
 D = Time resting spent in this place.
 E = Time spent auto-exploring this place.
 F = Levels seen in this place.
 G = Mean time per level.
                   A        B        C        D        E       F      G
               +--------+--------+--------+--------+--------+-----+--------+
         Total |  10910 |  10518 |    392 |    859 |   8232 |   9 | 1212.2 |
       Dungeon |  10512 |  10218 |    294 |    859 |   7941 |   8 | 1314.0 |
        Temple |    397 |    299 |     98 |      0 |    291 |   1 |  397.0 |
               +--------+--------+--------+--------+--------+-----+--------+

Top non-repeatable levels by time:
     D:3: 1940 daAuts
     D:1: 1832 daAuts
     D:5: 1526 daAuts
     D:4: 1482 daAuts
     D:7: 1457 daAuts
     D:6: 1213 daAuts
     D:2: 1021 daAuts
  Temple: 397 daAuts
     D:8: 37 daAuts
